 Seeded DCSS version 0.30.1-11-g7821555f0a (webtiles) character file.

Game seed: 5 (custom seed)

921 Kazon the Chopper (level 8, 0/60 HPs)
             Began as a Human Fighter on Nov 6, 2023.
             Was an Initiate of the Shining One.
             Killed by divine providence
             ... invoked by an orc priest
              (7 damage)
             ... on level 6 of the Dungeon on Nov 8, 2023.
             The game lasted 00:12:42 (3276 turns).

Kazon the Chopper (Human Fighter)                   Turns: 3276, Time: 00:12:42

Health: 0/60       AC: 21    Str: 21    XL:     8   Next: 31%
Magic:  0/18       EV:  4    Int:  9    God:    the Shining One [......]
Gold:   220        SH: 15    Dex: 19    Spells: 7/7 levels left

rFire   . . .        f - +0 hand axe (flame)
rCold   . . .        c - +0 tower shield
rNeg    . . .        e - +9 plate armour of Kadix {Rampage Str+3}
rPois   .            j - +0 helmet
rElec   .            (no cloak)
rCorr   .            (no gloves)
SInv    .            (no boots)
Will    .....        B - amulet of guardian spirit Stlth
                     q - ring of magical power
HPRegen 0.30/turn    u - +6 ring of dexterity
MPRegen 0.16/turn

%: guardian spirit, rampage
@: glowing
A: no striking features
a: Renounce Religion


You were on level 6 of the Dungeon.
You worshipped the Shining One.
The Shining One was noncommittal.
You visited 2 branches of the dungeon, and saw 7 of its levels.

You collected 220 gold pieces.

Inventory:

Hand Weapons
 a - a +0 war axe
 f - a +0 hand axe of flaming (weapon)
Missiles
 b - 15 stones
 h - 3 boomerangs (quivered)
 p - 3 poisoned darts
Armour
 c - a +0 tower shield (worn)
 e - the +9 plate armour of Kadix (worn) {Rampage Str+3}
   (You acquired it on level 1 of the Dungeon)

   Str:       It affects your strength (+3).
   Rampage:   It bestows one free step when moving towards enemies.
 j - a +0 helmet (worn)
Jewellery
 q - a ring of magical power (left hand)
 u - a +6 ring of dexterity (right hand)
 B - an amulet of guardian spirit (around neck)
Wands
 z - a wand of paralysis (8)
Scrolls
 k - a scroll of blinking {unknown}
 l - a scroll of teleportation
 m - 2 scrolls of identify {unknown}
 n - a scroll of summoning {unknown}
 o - 2 scrolls of magic mapping {unknown}
 s - a scroll of amnesia {unknown}
 x - a scroll of torment {unknown}
 y - a scroll of fog {unknown}
 D - a scroll of poison {unknown}
Potions
 d - a potion of might
 g - a potion of resistance {unknown}
 i - 3 potions of curing {unknown}
 r - 3 potions of flight {unknown}
 t - 2 potions of heal wounds {unknown}
 v - a potion of berserk rage {unknown}
 w - 2 potions of invisibility {unknown}
 A - a potion of lignification {unknown}
 C - a potion of attraction {unknown}


   Skills:
 + Level 4.1 Fighting
 + Level 5.8 Axes
 + Level 2.6 Throwing
 + Level 4.0 Armour
 + Level 1.0 Dodging
 + Level 5.0 Shields
 * Level 2.4 Invocations


You had 7 spell levels left.
You didn't know any spells.
Your spell library contained the following spells:

 Spells                   Type           Power      Damage    Failure   Level
 Frozen Ramparts          Ice            0%         1d1       100%        3
 Ice Form                 Ice/Tmut       0%         N/A       100%        4
 Summon Ice Beast         Ice/Summ       0%         N/A       100%        4


Dungeon Overview and Level Annotations

Branches:
Dungeon (6/15)             Temple (1/1) D:4

Altars:
Dithmenos
Fedhas
Hepliaklqana
Qazlal
Trog
Wu Jian
The Shining One


Message History

You hit the orc priest but do no damage.
The orc priest is heavily wounded.
You hit the orc but do no damage. The orc hits you but does no damage.
You block the orc priest's attack.
You closely miss the orc priest.
The orc priest is heavily wounded.
You hit the orc but do no damage. You block the orc's attack.
You block the orc priest's attack. The orc priest hits you with a +0 club.
* * * LOW HITPOINT WARNING * * *
The orc hits you but does no damage.
You barely miss the orc priest.
The orc priest is heavily wounded.
You hit the orc. You burn the orc. The orc hits you but does no damage.
You block the orc priest's attack.
You hit the orc priest. You burn the orc priest.
The orc priest is almost dead.
You hit the orc. You burn the orc. You block the orc's attack.
The orc priest completely misses you.
You hit the orc priest but do no damage.
The orc priest is almost dead.
You hit the orc but do no damage. You block the orc's attack.
The orc priest looks satisfied for a moment.
The orc priest looks encouraged for a moment.
You block the orc's attack.
You hit the orc priest but do no damage.
The orc priest is almost dead.
You hit the orc. You burn the orc.
You kill the orc!
The orc priest mumbles some strange prayers to Beogh against you.
Pain shoots through your body!
* * * LOW HITPOINT WARNING * * *
You hit the orc priest but do no damage.
The orc priest is almost dead.
The orc priest hits you with a +0 club.
* * * LOW HITPOINT WARNING * * *
You barely miss the orc priest.
The orc priest is almost dead.
The orc priest mumbles some strange prayers to Beogh against you.
Beogh smites you!
You die...

... ..
########..
#......#.
#.......
#......#
#.....o#
#....@)####
######.#>.
#.#.##
#.#..#####
#.....)..+
###..#####
#..# #.<#
#.##


You could see an orc priest.

Vanquished Creatures
  Sigmund (D:4)
  2 black bears (D:4)
  An ogre (D:5)
  A scorpion (D:4)
  3 hounds (D:5)
  A jelly (D:5)
  4 iguanas
  4 gnolls (D:5)
  8 adders
  An ufetubus (D:4)
  3 worms
  10 orcs
  4 bats
  9 endoplasms
  A giant cockroach (D:1)
  12 goblins
  7 hobgoblins
  11 jackals
  3 kobolds
  3 quokkas (D:4)
  6 ball pythons
  3 frilled lizards
  4 rats
102 creatures vanquished.

Notes
Turn   | Place    | Note
-------+----------+-------------------------------------------
     0 | D:1      | Kazon the Human Fighter began the quest for the Orb.
     0 | D:1      | Reached XP level 1. HP: 18/18 MP: 1/1
    56 | D:1      | Identified a scroll of acquirement
    56 | D:1      | Acquired the +9 plate armour of Kadix {Rampage Str+3}
    77 | D:1      | Reached XP level 2. HP: 22/24 MP: 2/2
   163 | D:1      | Reached XP level 3. HP: 23/29 MP: 3/3
   940 | D:2      | Reached XP level 4. HP: 35/35 MP: 4/4
  1294 | D:2      | Reached XP level 5. HP: 41/41 MP: 5/5
  1637 | D:3      | Found a blossoming altar of Fedhas.
  1739 | D:3      | You fall into a shaft and drop 2 floors!
  1739 | D:5      | Entered Level 5 of the Dungeon
  1752 | D:5      | Reached skill level 1 in Throwing
  1760 | D:4      | Noticed Sigmund
  1772 | D:4      | Killed Sigmund
  1773 | D:4      | Reached XP level 6. HP: 20/48 MP: 6/6
  1792 | D:4      | Found a staircase to the Ecumenical Temple.
  1805 | Temple   | Entered the Ecumenical Temple
  1814 | Temple   | Became a worshipper of the Shining One
  1916 | D:3      | Found a stormy altar of Qazlal.
  2043 | D:3      | Found a faded altar of an unknown god.
  2064 | D:3      | Identified the +2 sling "Qeuhanocyt" {speed, rElec Str-3
                  | Dex+2}
  2257 | D:4      | Reached XP level 7. HP: 53/53 MP: 7/7
  2496 | D:4      | Reached skill level 5 in Axes
  2496 | D:4      | Reached skill level 1 in Invocations
  2685 | D:4      | Found a hazy altar of Hepliaklqana.
  2686 | D:4      | Found a shadowy altar of Dithmenos.
  2686 | D:4      | Noticed a shadow
  2831 | D:5      | Reached skill level 1 in Dodging
  2953 | D:5      | Reached XP level 8. HP: 58/60 MP: 9/9
  3118 | D:5      | Reached skill level 5 in Shields
  3276 | D:6      | Killed from afar by an orc priest

Illustrated notes

Levels and vault maps discovered:
D:1:      ebering_trefoil_3fold, layout_basic, st_stairs_14, serial_bayou_ford_a
D:2:      layout_basic, hangedman_decor_growths, minmay_close_crescents
D:3:      layout_rooms, mainiacjoe_overflow_concentric_impassable,
          mainiacjoe_overflow_paths, shapermc_ecumenical_altar_acropolis,
          chequers_serial_rivers_micro_b
D:4:      layout_basic, riverfiend_overflow_shadow_ancestor,
          minmay_temple_entry_glass, uniq_sigmund
D:5:      layout_gridville
D:6:      layout_basic, xom_teletrap_fun, uniq_duvessa
Temple:   nicolae_temple_elliptical

Skill      XL: |  1  2  3  4  5  6  7  8 |
---------------+-------------------------+-----
Axes           | 3 4 5 |  5.8
Throwing       | 1 2 |  2.6
Shields        | 4 5 |  5.0
Invocations    | 1 2 |  2.4
Fighting       | 4 |  4.1
Dodging        | 1 |  1.0
Armour         | 4 |  4.0

Action                     |  1- 3 |  4- 6 |  7- 9 || total
---------------------------+-------+-------+-------++-------
  Melee: War axe           |   117 |   115 |    33 ||   265
         Hand axe          |       |       |   106 ||   106
  Throw: Dart              |       |     1 |     8 ||     9
         Stone             |       |       |    16 ||    16
         Boomerang         |       |       |     4 ||     4
    Use: Scroll            |     2 |     1 |       ||     3
         Potion            |     1 |       |       ||     1
 Armour: Scale mail        |    15 |       |       ||    15
         Plate armour      |    54 |    63 |    83 ||   200
  Dodge: Dodged            |    28 |    12 |    13 ||    53
  Block: Buckler           |    21 |       |       ||    21
         Tower shield      |    41 |    74 |   131 ||   246
